TOP OF THE 1ST |
Tampa Bay Devil Rays batting - Pitching for Boston Red Sox : RHP Steve Karsay
|
Pitching: RHP Steve Karsay
|
|
Batting: LHB Trot Nixon
|
0-0: Swinging Strike 0-1: Ball 1-1: Foul Ball, location: 2F 1-2: Strikes out looking
|
Batting: RHB Ian Kinsler
|
0-0: Ball 1-0: Ball 2-0: Called Strike 2-1: SINGLE (Line Drive, 8LS, EV 104.4 MPH)
|
Batting: RHB Carlos Villalobos
|
0-0: SINGLE (Groundball, 6MD, EV 104.4 MPH) Ian Kinsler to second
|
Batting: LHB Bobby Higginson
|
0-0: Foul Ball, location: 2F 0-1: Ball 1-1: Ball 2-1: Fly out, F4 (Popup, 34S, EV 71.3 MPH)
|
Batting: RHB Shannon Stewart
|
0-0: Called Strike 0-1: Fly out, F3 (Line Drive, 3, EV 68.1 MPH)
|
Top of the 1st over - 0 runs, 2 hits, 0 errors, 2 left on base; Tampa Bay 0 - Boston 0 |
BOTTOM OF THE 1ST |
Boston Red Sox batting - Pitching for Tampa Bay Devil Rays : LHP Benito Gonzalez
|
Pitching: LHP Benito Gonzalez
|
|
Batting: SHB Rafael Furcal
|
0-0: Ball 1-0: Foul Ball, location: 9LMF 1-1: Ball 2-1: Ball 3-1: Fly out, F3 (Popup, 3L, EV 68.1 MPH)
|
Batting: RHB Andruw Jones
|
0-0: Ground out 1-3 (Groundball, 13, EV 67.5 MPH)
|
Batting: LHB Danny Diaz
|
0-0: Ball 1-0: Called Strike 1-1: Called Strike 1-2: Fly out, F4 (Flyball, 34D, EV 95.6 MPH)
|
Bottom of the 1st over - 0 runs, 0 hits, 0 errors, 0 left on base; Tampa Bay 0 - Boston 0 |
TOP OF THE 2ND |
Tampa Bay Devil Rays batting - Pitching for Boston Red Sox : RHP Steve Karsay
|
Batting: LHB Stephen Drew
|
0-0: Called Strike 0-1: Ball 1-1: Ball 2-1: Ground out 6-3 (Groundball, 56, EV 98.8 MPH)
|
Batting: RHB Travis Fryman
|
0-0: Foul Ball, location: 9LDF 0-1: Ball 1-1: Called Strike 1-2: DOUBLE (Line Drive, 8RXD, EV 105.6 MPH)
|
Batting: LHB Mo Vaughn
|
0-0: Called Strike 0-1: Ground out 4-3 (Groundball, 4, EV 87.5 MPH) Travis Fryman to third
|
Batting: RHB Paul Lo Duca
|
0-0: Ball 1-0: Fly out, F9 (Line Drive, 9, EV 101.9 MPH)
|
Top of the 2nd over - 0 runs, 1 hit, 0 errors, 1 left on base; Tampa Bay 0 - Boston 0 |
BOTTOM OF THE 2ND |
Boston Red Sox batting - Pitching for Tampa Bay Devil Rays : LHP Benito Gonzalez
|
Batting: RHB John Roskos
|
0-0: Called Strike 0-1: Swinging Strike 0-2: Ball 1-2: Strikes out swinging
|
Batting: RHB Migdônio Rangel
|
0-0: Ball 1-0: Called Strike 1-1: Ball 2-1: Ball 3-1: Base on Balls
|
Pitching: LHP Francisco Valles
|
|
Batting: RHB Jose Reyes
|
0-0: Fielders Choice at 2nd, 6-4 (Groundball, 6, EV 99.4 MPH)
|
Batting: SHB Orlando Hudson
|
0-0: Called Strike 0-1: Ball 1-1: Ball 2-1: Called Strike 2-2: Strikes out looking
|
Bottom of the 2nd over - 0 runs, 0 hits, 0 errors, 1 left on base; Tampa Bay 0 - Boston 0 |
TOP OF THE 3RD |
Tampa Bay Devil Rays batting - Pitching for Boston Red Sox : RHP Steve Karsay
|
Batting: LHB Trot Nixon
|
0-0: Foul Ball, location: 7LDF 0-1: Swinging Strike 0-2: Foul Ball, location: 25F 0-2: Ball 1-2: Strikes out swinging
|
Batting: RHB Ian Kinsler
|
0-0: Ball 1-0: Called Strike 1-1: Swinging Strike 1-2: Foul Ball, location: 3SF 1-2: Ground out 5-3 (Groundball, 56, EV 103.1 MPH)
|
Batting: RHB Carlos Villalobos
|
0-0: Fly out, F8 (Flyball, 8RD, EV 95.6 MPH)
|
Top of the 3rd over - 0 runs, 0 hits, 0 errors, 0 left on base; Tampa Bay 0 - Boston 0 |
BOTTOM OF THE 3RD |
Boston Red Sox batting - Pitching for Tampa Bay Devil Rays : LHP Francisco Valles
|
Batting: LHB Terrence Long
|
0-0: Called Strike 0-1: DOUBLE (Line Drive, 7LS, EV 111.3 MPH)
|
Batting: LHB Freddie Bynum
|
0-0: Ground out 2-3 (Groundball, 2R, EV 71.3 MPH) Terrence Long to third
|
Batting: SHB Rafael Furcal
|
0-0: Ball 1-0: Ball 2-0: Ball 3-0: Called Strike 3-1: Ground out 4-3 (Groundball, 4, EV 89.4 MPH) Terrence Long scores
|
Batting: RHB Andruw Jones
|
0-0: Ball 1-0: Called Strike 1-1: Fly out, F2 (Popup, 2LF, EV 93.1 MPH)
|
Bottom of the 3rd over - 1 run, 1 hit, 0 errors, 0 left on base; Tampa Bay 0 - Boston 1 |
TOP OF THE 4TH |
Tampa Bay Devil Rays batting - Pitching for Boston Red Sox : RHP Steve Karsay
|
Batting: LHB Bobby Higginson
|
0-0: Ball 1-0: SOLO HOME RUN (Flyball, 78XD, EV 103.1 MPH), Distance : 422 ft
|
Batting: RHB Shannon Stewart
|
0-0: Ball 1-0: Ball 2-0: Ball 3-0: Called Strike 3-1: Foul Ball, location: 3F 3-2: Foul Ball, location: 2F 3-2: Fly out, F3 (Line Drive, 3, EV 73.1 MPH)
|
Batting: LHB Stephen Drew
|
0-0: Ball 1-0: Fly out, F8 (Flyball, 8RS, EV 96.9 MPH)
|
Batting: RHB Travis Fryman
|
0-0: Called Strike 0-1: SOLO HOME RUN (Flyball, 9D, EV 96.9 MPH), Distance : 390 ft
|
Batting: LHB Mo Vaughn
|
0-0: Ball 1-0: Called Strike 1-1: Ball 2-1: Fly out, F5 (Popup, 56S, EV 88.1 MPH)
|
Top of the 4th over - 2 runs, 2 hits, 0 errors, 0 left on base; Tampa Bay 2 - Boston 1 |
BOTTOM OF THE 4TH |
Boston Red Sox batting - Pitching for Tampa Bay Devil Rays : LHP Francisco Valles
|
Batting: LHB Danny Diaz
|
0-0: Ball 1-0: DOUBLE (Flyball, 78D, EV 95.6 MPH)
|
Batting: RHB John Roskos
|
0-0: Ball 1-0: Foul Ball, location: 2F 1-1: Ground out 5-3 (Groundball, 5L, EV 108.1 MPH)
|
Batting: RHB Migdônio Rangel
|
0-0: Called Strike 0-1: Foul Ball, location: 9LMF 0-2: Fly out, F5 (Line Drive, 5, EV 61.3 MPH)
|
Batting: RHB Jose Reyes
|
0-0: Ball 1-0: Ball 2-0: Ball 3-0: Base on Balls
|
Batting: SHB Orlando Hudson
|
0-0: Called Strike 0-1: Ball 1-1: Foul Ball, location: 2F 1-2: Ball 2-2: Ball 3-2: Fly out, F7 (Flyball, 7, EV 90.0 MPH)
|
Bottom of the 4th over - 0 runs, 1 hit, 0 errors, 2 left on base; Tampa Bay 2 - Boston 1 |
TOP OF THE 5TH |
Tampa Bay Devil Rays batting - Pitching for Boston Red Sox : RHP Steve Karsay
|
Batting: RHB Paul Lo Duca
|
0-0: Called Strike 0-1: Ball 1-1: DOUBLE (Line Drive, 78XD, EV 102.5 MPH)
|
Batting: LHB Trot Nixon
|
0-0: Called Strike 0-1: Ball 1-1: Ball 2-1: Swinging Strike 2-2: Strikes out swinging
|
Batting: RHB Ian Kinsler
|
0-0: Ball 1-0: Foul Ball, location: 2LF 1-1: Called Strike 1-2: Reached on error, E5 (Groundball, 5, EV 80.6 MPH) Paul Lo Duca to third
|
Batting: RHB Carlos Villalobos
|
0-0: Ball 1-0: SINGLE (Groundball, 34D, EV 106.3 MPH) Paul Lo Duca scores Ian Kinsler to third Runner from 3rd tries for Home, SAFE, throw by RF to home
|
Batting: LHB Bobby Higginson
|
0-0: Called Strike 0-1: Fly out, F8 (Flyball, 8RS, EV 92.5 MPH)
|
Batting: RHB Shannon Stewart
|
0-0: Ball 1-0: Called Strike Carlos Villalobos steals 2nd base 1-1: Ground out 6-3 (Groundball, 6, EV 83.1 MPH)
|
Top of the 5th over - 2 runs, 2 hits, 1 error, 1 left on base; Tampa Bay 4 - Boston 1 |
BOTTOM OF THE 5TH |
Boston Red Sox batting - Pitching for Tampa Bay Devil Rays : LHP Francisco Valles
|
Pitching: RHP Bert Barlow
|
|
Batting: LHB Terrence Long
|
0-0: Ball 1-0: Called Strike 1-1: SOLO HOME RUN (Flyball, 78XD, EV 105.6 MPH), Distance : 405 ft
|
Batting: LHB Freddie Bynum
|
0-0: Ball 1-0: Called Strike 1-1: Fly out, F9 (Line Drive, 9D, EV 90.6 MPH)
|
Batting: SHB Rafael Furcal
|
0-0: Ball 1-0: Ball 2-0: Ball 3-0: Called Strike 3-1: Base on Balls
|
Batting: RHB Andruw Jones
|
0-0: Ball 1-0: Foul Ball, location: 2F 1-1: Swinging Strike 1-2: Fly out, F9 (Flyball, 9, EV 86.3 MPH)
|
Batting: LHB Danny Diaz
|
0-0: Called Strike 0-1: Ball 1-1: Foul Ball, location: 7LSF 1-2: Fielders Choice at 2nd, 5-4 (Groundball, 5, EV 84.4 MPH)
|
Bottom of the 5th over - 1 run, 1 hit, 0 errors, 1 left on base; Tampa Bay 4 - Boston 2 |
TOP OF THE 6TH |
Tampa Bay Devil Rays batting - Pitching for Boston Red Sox : RHP Steve Karsay
|
Batting: LHB Stephen Drew
|
0-0: Ball 1-0: Fly out, F7 (Flyball, 7S, EV 85.0 MPH)
|
Batting: RHB Travis Fryman
|
0-0: Foul Ball, location: 2F 0-1: Ground out U3 (Groundball, 34S, EV 93.8 MPH)
|
Batting: LHB Mo Vaughn
|
0-0: Swinging Strike 0-1: Called Strike 0-2: Foul Ball, location: 7LMF 0-2: Strikes out swinging, 2-3 out at first.
|
Top of the 6th over - 0 runs, 0 hits, 0 errors, 0 left on base; Tampa Bay 4 - Boston 2 |
BOTTOM OF THE 6TH |
Boston Red Sox batting - Pitching for Tampa Bay Devil Rays : RHP Bert Barlow
|
Batting: RHB John Roskos
|
0-0: Foul Ball, location: 2F 0-1: Ball 1-1: Called Strike 1-2: Ball 2-2: Foul Ball, location: 2F 2-2: Ground out 6-3 (Groundball, 6, EV 108.1 MPH)
|
Pitching: LHP Dale Brandt
|
|
Batting: RHB Migdônio Rangel
|
0-0: Ball 1-0: Foul Ball, location: 2F 1-1: Called Strike 1-2: SOLO HOME RUN (Flyball, 7D, EV 97.5 MPH), Distance : 387 ft
|
Batting: RHB Jose Reyes
|
0-0: Swinging Strike 0-1: Ground out 4-3 (Groundball, 4MS, EV 83.8 MPH)
|
Batting: SHB Orlando Hudson
|
0-0: Ball 1-0: Ball 2-0: Ground out 5-3 (Groundball, 56S, EV 84.4 MPH)
|
Bottom of the 6th over - 1 run, 1 hit, 0 errors, 0 left on base; Tampa Bay 4 - Boston 3 |
TOP OF THE 7TH |
Tampa Bay Devil Rays batting - Pitching for Boston Red Sox : RHP Steve Karsay
|
Batting: RHB Paul Lo Duca
|
0-0: Foul Ball, location: 2F 0-1: Foul Ball, location: 2F 0-2: Ball 1-2: Ground out 5-3 (Groundball, 5, EV 104.4 MPH)
|
Batting: LHB Trot Nixon
|
0-0: Foul Ball, location: 7LMF 0-1: Ground out 4-3 (Groundball, 34, EV 105.0 MPH)
|
Batting: RHB Ian Kinsler
|
0-0: Called Strike 0-1: Ground out 3-1 (Groundball, 34, EV 89.4 MPH)
|
Top of the 7th over - 0 runs, 0 hits, 0 errors, 0 left on base; Tampa Bay 4 - Boston 3 |
BOTTOM OF THE 7TH |
Boston Red Sox batting - Pitching for Tampa Bay Devil Rays : LHP Dale Brandt
|
Pitching: RHP Jared Josephson
|
|
Batting: LHB Terrence Long
|
0-0: Foul Ball, location: 2F 0-1: Foul Ball, location: 5F 0-2: SINGLE (Groundball, 6M, EV 80.0 MPH) (infield hit)
|
Batting: LHB Freddie Bynum
|
0-0: Ball 1-0: Bunt missed! 1-1: Bunted foul 1-2: Ball 2-2: Ball 3-2: Foul Ball, location: 7LDF 3-2: SINGLE (Line Drive, 7S, EV 93.8 MPH) Terrence Long to second Terrence Long to third
|
Batting: SHB Rafael Furcal
|
0-0: Ball 1-0: Ball 2-0: Called Strike 2-1: Ball 3-1: DOUBLE (Line Drive, 9LS, EV 105.6 MPH) Terrence Long scores Freddie Bynum to third
|
Batting: RHB Andruw Jones
|
0-0: SINGLE (Line Drive, 9S, EV 94.4 MPH) Freddie Bynum scores Rafael Furcal to third
|
Batting: LHB Danny Diaz
|
0-0: Ball Andruw Jones steals 2nd base (no throw) 1-0: Intentional Walk
|
DELAY
|
Rain delay of 15 minutes in the 7th inning.
|
Batting: RHB John Roskos
|
0-0: Ball 1-0: SINGLE (Groundball, 6D, EV 96.3 MPH) Rafael Furcal scores Andruw Jones to third Danny Diaz to second Runner from 3rd tries for Home, SAFE, throw by CF to home
|
Pitching: RHP Paul Shuey
|
|
Batting: RHB Migdônio Rangel
|
0-0: Ball 1-0: Ball 2-0: Ball 3-0: Base on Balls Danny Diaz to third John Roskos to second
|
Batting: RHB Jose Reyes
|
0-0: Called Strike 0-1: Grounds into fielders choice 6-2 (Groundball, 6MS, EV 80.0 MPH) John Roskos to third Migdônio Rangel to second
|
Batting: SHB Orlando Hudson
|
0-0: Called Strike 0-1: Ball 1-1: SINGLE (Groundball, 6MD, EV 96.3 MPH) John Roskos scores Migdônio Rangel to third Jose Reyes to second Runner from 3rd tries for Home, SAFE, throw by CF to trailing runner, SAFE at third!
|
Batting: LHB Terrence Long
|
0-0: Ball 1-0: Called Strike 1-1: Foul Ball, location: 7LSF 1-2: Ball 2-2: Strikes out looking
|
Batting: LHB Freddie Bynum
|
0-0: Called Strike 0-1: Fly out, F7 (Flyball, 7, EV 93.8 MPH)
|
Bottom of the 7th over - 6 runs, 6 hits, 0 errors, 2 left on base; Tampa Bay 4 - Boston 9 |
TOP OF THE 8TH |
Tampa Bay Devil Rays batting - Pitching for Boston Red Sox : RHP Steve Karsay
|
Batting: RHB Carlos Villalobos
|
0-0: Fly out, F9 (Line Drive, 9, EV 88.8 MPH)
|
Batting: LHB Bobby Higginson
|
0-0: Called Strike 0-1: Ball 1-1: Fly out, F3 (Popup, 3SF, EV 86.9 MPH)
|
Batting: RHB Shannon Stewart
|
0-0: Called Strike 0-1: Ball 1-1: SOLO HOME RUN (Flyball, 7D, EV 96.9 MPH), Distance : 384 ft
|
Pitching: LHP Luiz Gilliard
|
|
Batting: LHB Stephen Drew
|
0-0: Called Strike 0-1: Ball 1-1: Called Strike 1-2: Strikes out looking
|
Top of the 8th over - 1 run, 1 hit, 0 errors, 0 left on base; Tampa Bay 5 - Boston 9 |
BOTTOM OF THE 8TH |
Boston Red Sox batting - Pitching for Tampa Bay Devil Rays : RHP Paul Shuey
|
Pitching: LHP Bob Morseman
|
|
Batting: SHB Rafael Furcal
|
0-0: Called Strike 0-1: Ball 1-1: Ball 2-1: Called Strike 2-2: Foul Ball, location: 2F 2-2: Foul Ball, location: 2F 2-2: SOLO HOME RUN (Flyball, 89XD, EV 99.4 MPH), Distance : 390 ft
|
Batting: RHB Andruw Jones
|
0-0: Foul Ball, location: 9LDF 0-1: Ball 1-1: Swinging Strike 1-2: Foul Ball, location: 9LDF 1-2: Ball 2-2: Foul Ball, location: 2F 2-2: Ball 3-2: Ground out 5-3 (Groundball, 56S, EV 67.5 MPH)
|
Batting: LHB Danny Diaz
|
0-0: Ball 1-0: Ball 2-0: Foul Ball, location: 3DF 2-1: Fly out, F2 (Popup, 2LF, EV 92.5 MPH)
|
Batting: RHB John Roskos
|
0-0: Ball 1-0: Swinging Strike 1-1: Ball 2-1: Ball 3-1: Foul Ball, location: 5F 3-2: Base on Balls
|
Pitching: RHP Huston Street
|
|
Batting: RHB Migdônio Rangel
|
0-0: Ball 1-0: Ball 2-0: Swinging Strike 2-1: Foul Ball, location: 2F 2-2: Strikes out looking
|
Bottom of the 8th over - 1 run, 1 hit, 0 errors, 1 left on base; Tampa Bay 5 - Boston 10 |
TOP OF THE 9TH |
Tampa Bay Devil Rays batting - Pitching for Boston Red Sox : LHP Luiz Gilliard
|
Batting: RHB Travis Fryman
|
0-0: Ball 1-0: Ground out 4-3 (Groundball, 4M, EV 83.8 MPH)
|
Batting: LHB Mo Vaughn
|
0-0: Called Strike 0-1: Foul Ball, location: 2F 0-2: Foul Ball, location: 3DF 0-2: Foul Ball, location: 2F 0-2: Ground out 4-3 (Groundball, 4, EV 80.6 MPH)
|
Batting: RHB Paul Lo Duca
|
0-0: Foul Ball, location: 25F 0-1: Called Strike 0-2: Ball 1-2: Fly out, F9 (Line Drive, 9D, EV 86.3 MPH)
|
Top of the 9th over - 0 runs, 0 hits, 0 errors, 0 left on base; Tampa Bay 5 - Boston 10 |
|